 Dungeon Crawl Stone Soup version 0.27-a0-1232-gc6a4cbde82 (webtiles) character file.

Game seed: 17911616840533290858

61 mordus the Chiller (level 3, -3/26 HPs)
             Began as a Draconian Ice Elementalist on June 8, 2021.
             Killed by nerve-wracking pain
             ... invoked by Grinder
              (9 damage)
             ... on level 3 of the Dungeon.
             The game lasted 00:05:40 (2620 turns).

mordus the Chiller (Draconian Ice Elementalist)     Turns: 2620, Time: 00:05:41

Health: -3/26      AC:  5    Str: 10    XL:     3   Next: 83%
Magic:  2/6        EV: 12    Int: 16    God:
Gold:   118        SH:  5    Dex: 11    Spells: 2/7 levels left

rFire    . . .     SeeInvis .   h - +0 quarterstaff
rCold    . . .     Faith    .   (shield currently unavailable)
rNeg     . . .     Spirit   .   (armour unavailable)
rPois    .         Reflect  +   (helmet restricted)
rElec    .         Harm     .   (no cloak)
rCorr    .         Rampage  .   (no gloves)
Will     +....                  (no boots)
Stlth    ++........             c - amulet of reflection
HPRegen  0.08/turn              d - ring of willpower
MPRegen  0.10/turn              (no ring)

@: freezing walls
A: AC +5, unfitting armour, cold-blooded
a: no special abilities


You were on level 3 of the Dungeon.
You visited 1 branch of the dungeon, and saw 3 of its levels.

You collected 118 gold pieces.

Inventory:

Hand Weapons
 a - a +0 dagger
 h - a +0 quarterstaff (weapon)
Jewellery
 c - an amulet of reflection (around neck)
 d - a ring of willpower (left hand)
 f - an amulet of regeneration
Scrolls
 e - a scroll of fear {unknown}
Potions
 b - 2 potions of curing {unknown}
 g - a potion of ambrosia {unknown}


   Skills:
 + Level 0.3 Staves
 - Level 1.7 Dodging
 - Level 1.7 Stealth
 + Level 2.6 Spellcasting
 + Level 1.0 Conjurations
 * Level 4.9 Ice Magic


You had 2 spell levels left.
You knew the following spells:

 Your Spells              Type           Power      Damage    Failure   Level
a - Freeze                Ice            68%        1d8       2%          1
b - Magic Dart            Conj           20%        1d4       13%         1
c - Frozen Ramparts       Ice            34%        1d5       8%          3

Your spell library contained the following spells:

 Spells                   Type           Power      Damage    Failure   Level
 Searing Ray              Conj           10%        3d3       19%         2
 Ozocubu's Armour         Ice            17%        N/A       8%          3
 Dazzling Flash           Conj/Hex       6%         N/A       43%         3
 Hailstorm                Conj/Ice       11%        3d5       50%         4
 Fulminant Prism          Conj/Hex       1%         3d6       83%         4
 Iskenderun's Mystic Bla  Conj/Tloc      3%         2d3       83%         4
 Metabolic Englaciation   Hex/Ice        4%         N/A       89%         5


Dungeon Overview and Level Annotations

Branches:
Dungeon (3/15)

Altars:

Annotations:
D:3 Grinder


Innate Abilities, Weirdness & Mutations

Your plain brown scales are hard. (AC +5)
You cannot fit into any form of body armour.
You are cold-blooded and may be slowed by cold attacks.


Message History

The wall freezes the adder.
You kill the adder!
Your Conjurations skill increases to level 1!
You start resting.
The frozen ramparts melt away.
You start resting.
Magic restored.
HP restored.
Found a stone staircase leading up.
Grinder comes into view.
Casting: Frozen Ramparts (quite dangerous; 8% risk of failure)
Confirm with . or Enter, or press ? or * to list all spells.
The spell is quite dangerous to cast (8% risk of failure)!
Continue anyway?
Casting: Frozen Ramparts (quite dangerous; 8% risk of failure)
Press: ? - help, Dir - look around, f - activate The walls around you are covered in ice.
Grinder resists.
The wall freezes Grinder.
Grinder hits you but does no damage.
You hit Grinder.
Grinder is lightly wounded.
Grinder resists.
The wall freezes Grinder.
Grinder hits you.
You writhe in agony.
You sock Grinder! You tail-slap Grinder.
Grinder is moderately wounded.
Grinder completely resists.
The wall freezes Grinder but does no damage.
Grinder gestures at you. Pain shoots through your body!
Ouch! That really hurt!
* * * LOW HITPOINT WARNING * * *
Casting: Frozen Ramparts (quite dangerous; 8% risk of failure)
Confirm with . or Enter, or press ? or * to list all spells.
Aiming: Freeze (safe; 2% risk of failure)
Press: ? - help, Shift-Dir - straight line, f - Grinder
Aim: Grinder (moderately wounded)
You freeze Grinder but do no damage.
Grinder completely resists. x2
The wall freezes Grinder but does no damage.
Grinder blinks!
Grinder gestures at you. Pain shoots through your body!
You die...

###..........##.#.##
##.############.# #.# #.#
#.# ##+# #.# ##...#
#.#### ##..... #....##
##......
#.#########...####.......
........@....<...+.......
#.#########.5.####.......
....## #..>... #.....#
##....< #.....# ##...#
#.....# ##+# #.....#
.......


You could see Grinder.

Vanquished Creatures
  An adder (D:3)
  3 dart slugs
  6 bats
  2 endoplasms (D:1)
  2 giant cockroaches (D:1)
  5 goblins
  7 hobgoblins
  3 quokkas (D:1)
  A ball python (D:1)
  A frilled lizard (D:2)
  6 kobolds
  4 rats (D:1)
41 creatures vanquished.

Notes
Turn   | Place    | Note
-------+----------+-------------------------------------------
     0 | D:1      | mordus the Draconian Ice Elementalist began the quest for
                  | the Orb.
     0 | D:1      | Reached XP level 1. HP: 14/14 MP: 3/3
   186 | D:1      | Reached XP level 2. HP: 3/20 MP: 0/5
   487 | D:1      | Learned a level 1 spell: Magic Dart
  1005 | D:1      | Reached XP level 3. HP: 17/26 MP: 2/6
  1009 | D:1      | Learned a level 3 spell: Frozen Ramparts
  2502 | D:3      | Reached skill level 1 in Conjurations
  2608 | D:3      | Noticed Grinder
  2620 | D:3      | Killed from afar by Grinder

Illustrated notes

Levels and vault maps discovered:
D:1:      beargit_arrival_diablo_church, layout_basic
D:2:      layout_loops_ring, roderic_serpentine_path
D:3:      layout_loops_corners, old_standard_altar, lemuel_tele_altar,
          chequers_ecumenical_altar_island, uniq_grinder

Skill      XL: |  1  2  3 |
---------------+----------+-----
Conjurations   | 1 |  1.0
Staves         | |  0.3
Dodging        | |  1.7
Stealth        | |  1.7
Spellcasting   | |  2.6
Ice Magic      | |  4.9

Action                   || total
-------------------------++-------
Melee: Dagger            ||    53
       Tailslap          ||     5
       Quarterstaff      ||    11
 Cast: Freeze            ||    41
       Frozen Ramparts   ||     2
  Use: Scroll            ||     1
 Stab: Sleeping          ||     3
Armor: Skin              ||    23
Dodge: Dodged            ||    43
Block: Other             ||    19
       Reflection        ||     2

Table legend: (Time is in decaauts)
 A = Elapsed time spent in this place.
 B = Non-inter-level travel time spent in this place.
 C = Inter-level travel time spent in this place.
 D = Time resting spent in this place.
 E = Time spent auto-exploring this place.
 F = Levels seen in this place.
 G = Mean time per level.
                   A        B        C        D        E       F      G
               +--------+--------+--------+--------+--------+-----+--------+
         Total |   2621 |   2591 |     30 |    469 |   1780 |   3 |  873.7 |
       Dungeon |   2621 |   2591 |     30 |    469 |   1780 |   3 |  873.7 |
               +--------+--------+--------+--------+--------+-----+--------+

Top non-repeatable levels by time:
     D:1: 1588 daAuts
     D:2: 899 daAuts
     D:3: 134 daAuts
